 Seeded DCSS version 0.30.0 (webtiles) character file.

Game seed: 7229806256980976716 (custom seed)

25 bananamous the Chopper (level 2, 27/27 HPs)
             Began as a Draconian Berserker on July 11, 2023.
             Was a Believer of Trog.
             Got out of the dungeon alive.
             The game lasted 00:04:06 (807 turns).

bananamous the Chopper (Draconian Berserker)         Turns: 807, Time: 00:04:07

Health: 27/27      AC:  4    Str: 27    XL:     2   Next: 82%
Magic:  2/2        EV: 12    Int:  7    God:    Trog [**....]
Gold:   50         SH:  8    Dex: 10    Spells: 1/1 levels left

rFire   x . .        g - +10 long sword "Votihe" {flame, Str+3}
rCold   . . .        k - +5 buckler of Wasted Space {rF- rN++}
rNeg    + + .        (body armour unavailable)
rPois   +            (helmet restricted)
rElec   .            l - scarf of the Sharp Grue {+Inv, rPois Str+5}
rCorr   .            (no gloves)
SInv    .            (no boots)
Will    .....        (no amulet)
Stlth   +            (no ring)
HPRegen 0.24/turn    (no ring)
MPRegen 0.08/turn

%: no passive effects
@: no status effects
A: AC +4, unfitting armour, cold-blooded
a: Renounce Religion, Evoke Invisibility, Berserk, Trog's Hand


You escaped.
You worshipped Trog.
Trog was pleased with you.
You visited 1 branch of the dungeon, and saw 2 of its levels.

You collected 50 gold pieces.

Inventory:

Hand Weapons
 a - a +0 hand axe
 g - the +10 long sword "Votihe" (weapon) {flame, Str+3}
   (You acquired it on level 1 of the Dungeon)

   Str:       It affects your strength (+3).
Missiles
 f - a throwing net (quivered)
Armour
 k - the +5 buckler of Wasted Space (worn) {rF- rN++}
   (You acquired it on level 1 of the Dungeon)

   rF:        It makes you vulnerable to fire.
   rN:        It greatly protects you from negative energy.
 l - the scarf of the Sharp Grue (worn) {+Inv, rPois Str+5}
   (You acquired it on level 1 of the Dungeon)

   Str:       It affects your strength (+5).
   rPois:     It protects you from poison.
Scrolls
 b - 2 scrolls of amnesia {unknown}
 c - a scroll of blinking {unknown}
 e - 2 scrolls of identify {unknown}
 h - a scroll of teleportation {unknown}
 j - a scroll of enchant armour {unknown}
Potions
 d - a potion of mutation {unknown}
 i - a potion of might {unknown}


   Skills:
 + Level 3.7 Fighting
 * Level 3.8 Axes
 - Level 2.6 Dodging


You had one spell level left.
You didn't know any spells.
Your spell library was empty.

Dungeon Overview and Level Annotations

Branches:
Dungeon (2/15)

Altars:


Innate Abilities, Weirdness & Mutations

Your plain brown scales are hard. (AC +4)
You cannot fit into any form of body armour.
You are cold-blooded and may be slowed by cold attacks.


Message History

You continue putting on the scarf of the Sharp Grue {+Inv, rPois Str+5}. x4
You finish putting on the scarf of the Sharp Grue {+Inv, rPois Str+5}.
You become transparent for a moment.
You feel stronger.
You start putting on your armour.
You continue putting on the +5 buckler of Wasted Space {rF- rN++}. x4
You finish putting on the +5 buckler of Wasted Space {rF- rN++}.
(D) Dungeon
Where to? (? - help)
There is a stone staircase leading down here.
You climb downwards.
Found 2 black potions.
There is a stone staircase leading up here.
(D) Dungeon
Where to? (Enter - D:2, ? - help)
What level of the Dungeon? (default 1, ? - help)
You climb upwards.
There is a stone staircase leading down here.
A giant cockroach comes into view.
You closely miss the giant cockroach. The giant cockroach bites you.
You hit the giant cockroach. You burn the giant cockroach.
You kill the giant cockroach!
Trog accepts your kill.
No target in view!
No target in view!
(D) Dungeon
Where to? (Enter - D:1 @ (x,y), ? - help)
What level of the Dungeon? (default 1, ? - help) HP restored.
You open the door.
There is an open door here.
There is a staircase leading out of the dungeon here.
Are you sure you want to leave the Dungeon?
This will make you lose the game! [Y]es or [N]o only, please.
Are you sure you want to leave the Dungeon?
This will make you lose the game!
Uppercase [Y]es or [N]o only, please.
Are you sure you want to leave the Dungeon?
This will make you lose the game!
Uppercase [Y]es or [N]o only, please.
Are you sure you want to leave the Dungeon?
This will make you lose the game!
You have escaped!

#..# #..# #.# #####.# #.## ###.#
..# #.# ######.#####...# #.# #.#
#..............# #.# #.#
#..##+#'#'##...# #.#
#.########.#.#.###..# #.#
#......##⌠.P.P.⌠##.##
#.###..######.......###.##
#......### ##...@...####.##
#.##.....# ###########..#.#
#.##.###.####♣..>..♣###..##
#....# #...##.......###.##
..##.###.####♣.⌠_⌠.♣##..#########
####.....# #####⌠#####......÷....
.......### ############.########
######## #.# ######### #.#


There were no monsters in sight!

Vanquished Creatures
  3 bats (D:1)
  2 giant cockroaches (D:1)
  A goblin (D:1)
  2 hobgoblins (D:1)
  6 jackals (D:1)
  2 quokkas (D:1)
  2 ball pythons (D:1)
  A frilled lizard (D:1)
  A rat (D:1)
20 creatures vanquished.

Notes
Turn   | Place    | Note
-------+----------+-------------------------------------------
     0 | D:1      | bananamous the Draconian Berserker began the quest for the
                  | Orb.
     0 | D:1      | Reached XP level 1. HP: 19/19 MP: 1/1
   299 | D:1      | Reached XP level 2. HP: 26/26 MP: 2/2
   450 | D:1      | Reached ** piety under Trog
   714 | D:1      | Identified 3 scrolls of acquirement
   714 | D:1      | Acquired the +5 buckler of Wasted Space {rF- rN++}
   715 | D:1      | Acquired the scarf of the Sharp Grue {+Inv, rPois Str+5}
   716 | D:1      | Acquired the +10 long sword "Votihe" {flame, Str+3}
   807 | D:$      | Got out of the dungeon alive.

Illustrated notes

Levels and vault maps discovered:
D:1:      spicycebolla_arrival_ecumenical, layout_loops_ring
D:2:      layout_basic

Action                     || total
---------------------------++-------
  Melee: Hand axe          ||    42
         Tailslap          ||     4
         Long sword        ||     2
    Use: Scroll            ||     3
 Armour: Skin              ||    12
  Dodge: Dodged            ||    46
